 Dungeon Crawl Stone Soup version 0.31.0-4-g52a2dc7128 (webtiles) character file.

Game seed: 14896616910028328364

4432 James the Scholar of Death (level 10, -4/50 HPs)
             Began as a Vine Stalker Necromancer on Jan 22, 2024.
             Was a Follower of Kikubaaqudgha.
             Slain by a wyvern (11 damage)
             ... on level 8 of the Dungeon.
             The game lasted 00:34:08 (8525 turns).

James the Scholar of Death (VSNe)                   Turns: 8525, Time: 00:34:08

Health: -4/50      AC:  6    Str: 10    XL:     10   Next: 36%
Magic:  0/34       EV: 13    Int: 19    God:    Kikubaaqudgha [*.....]
Gold:   418        SH:  0    Dex: 16    Spells: 14/29 levels left

rFire   . . .        a - +2 short sword (elec)
rCold   . . .        (no shield)
rNeg    + . .        j - +1 robe
rPois   .            c - +2 hat
rElec   .            (no cloak)
rCorr   .            v - +0 pair of gloves
SInv    .            (no boots)
Will    +....        z - amulet of the acrobat
Stlth   ++           e - ring of positive energy
HPRegen 1.08/turn    f - ring of magical power
MPRegen 0.24/turn

%: acrobat, guardian spirit
@: lethally poisoned (-4 -> -5), slowed, very slow
A: fangs 3, regeneration 1, magic shield, antimagic bite, no potion heal 2
a: Renounce Religion, Unearth Wretches


You were on level 8 of the Dungeon.
You worshipped Kikubaaqudgha.
Kikubaaqudgha was aware of your devotion.
You visited 2 branches of the dungeon, and saw 10 of its levels.

You collected 418 gold pieces.

Inventory:

Hand Weapons
 a - a +2 short sword of electrocution (weapon)
   (You took it off an orc priest on level 8 of the Dungeon)
 b - the +8 hand axe of Descent {freeze, rCorr Dex+4}
   (You found it on level 2 of the Dungeon)

   Dex+4:     It affects your dexterity (+4).
   rCorr:     It protects you from acid and corrosion.
 u - a +2 dagger of protection
   (You took it off a kobold on level 7 of the Dungeon)
 w - a +0 sling
   (You found it on level 2 of the Dungeon)
 y - a +4 whip
   (You took it off a gnoll on level 3 of the Dungeon)
 B - a +1 spear of venom
   (You took it off a gnoll on level 3 of the Dungeon)
 D - a +0 long sword
   (You found it on level 4 of the Dungeon)
 L - a +0 halberd
   (You took it off a gnoll on level 4 of the Dungeon)
 R - a +2 whip of flaming
   (You took it off Pikel on level 5 of the Dungeon)
 X - a +0 trident
   (You took it off an orc on level 6 of the Dungeon)
 Z - a +1 dagger of flaming
   (You found it on level 6 of the Dungeon)
Missiles
 g - a boomerang
 k - 2 throwing nets {!f}
 m - 9 poisoned darts (quivered)
 q - 45 stones
 S - 7 atropa-tipped darts
Armour
 c - a +2 hat (worn)
   (You found it on level 1 of the Dungeon)
 d - a +0 helmet
   (You found it on level 4 of the Dungeon)
 j - a +1 robe (worn)
 o - a +0 tower shield
   (You found it on level 8 of the Dungeon)
 r - a +0 ring mail
   (You found it on level 2 of the Dungeon)
 v - a +0 pair of gloves (worn)
   (You found it on level 4 of the Dungeon)
 C - a +0 animal skin
   (You took it off an orc on level 3 of the Dungeon)
 G - a +0 leather armour
   (You found it on level 4 of the Dungeon)
 P - a +0 robe
   (You found it on level 5 of the Dungeon)
 Q - a +0 robe
   (You took it off Pikel on level 5 of the Dungeon)
 T - a +0 robe
   (You took it off an orc wizard on level 5 of the Dungeon)
 V - a +0 chain mail
   (You took it off an orc on level 5 of the Dungeon)
 W - a +0 scale mail
   (You found it on level 6 of the Dungeon)
 Y - a +0 robe
   (You found it on level 6 of the Dungeon)
Jewellery
 e - a ring of positive energy (left hand)
   (You found it on level 1 of the Dungeon)
 f - a ring of magical power (right hand)
   (You found it on level 7 of the Dungeon)
 s - a ring of flight
   (You found it on level 2 of the Dungeon)
 z - an amulet of the acrobat (around neck)
   (You found it on level 7 of the Dungeon)
 H - a ring of fire
   (You found it on level 4 of the Dungeon)
 K - a ring of resist corrosion
   (You found it on level 7 of the Dungeon)
Wands
 i - a wand of charming (10)
   (You found it on level 6 of the Dungeon)
 t - a wand of flame (20)
   (You took it off an orc on level 5 of the Dungeon)
Scrolls
 n - 3 scrolls of teleportation {@r4}
 A - a scroll of acquirement {unknown}
 M - a scroll of amnesia
 U - a scroll of blinking
Potions
 h - a potion of haste {@q3}
 l - a potion of magic
 p - a potion of enlightenment
 x - a potion of berserk rage
 E - 3 potions of curing {@q1}
 F - 2 potions of resistance
 I - a potion of attraction {unknown}
 J - a potion of invisibility {unknown}
 N - a potion of degeneration {unknown}
 O - a potion of might {unknown}


   Skills:
 + Level 4.2 Fighting
 - Level 4.0 Dodging
 - Level 3.0 Stealth
 - Level 10.0 Spellcasting
 - Level 10.0 Necromancy


You had 14 spell levels left.
You knew the following spells:

 Your Spells              Type           Power      Damage    Failure   Level
a - Fugue of the Fallen   Necr           47%        N/A       1%          3
b - Curse of Agony        Necr           47%        N/A       3%          5
q - Vampiric Draining     Necr           47%        2d9       1%          3
u - Animate Dead          Necr           47%        N/A       1%          4

Your spell library contained the following spells:

 Spells                   Type           Power      Damage    Failure   Level
 Kiss of Death            Conj/Necr      100%       2d13      1%          1
 Necrotise                Necr           100%       1d9       1%          1
 Sublimation of Blood     Necr           47%        N/A       1%          2
 Cigotuvi's Dreadful Rot  Necr/Alch/Air  44%        N/A       3%          2
 Blink                    Tloc           18%        N/A       11%         2
 Call Imp                 Summ           18%        N/A       11%         2
 Lesser Beckoning         Tloc           18%        N/A       11%         2
 Momentum Strike          Conj/Tloc      18%        3d8       11%         2
 Inner Flame              Hex/Fire       9%         N/A       22%         3
 Cause Fear               Hex            4%         N/A       58%         4
 Flame Wave               Conj/Fire      9%         2d6       58%         4
 Sticky Flame             Fire/Alch      9%         2d5       58%         4
 Fireball                 Conj/Fire      4%         3d4       90%         5
 Summon Hydra             Summ           4%         N/A       100%        7
 Dragon's Call            Summ           4%         N/A       100%        9


Dungeon Overview and Level Annotations

Branches:
Dungeon (9/15)             Temple (1/1) D:7
   Lair: D:8-11         Orc: D:9-12

Altars:
Ashenzari
Cheibriados
Dithmenos
Elyvilon
Fedhas
Gozag
Hepliaklqana
Kikubaaqudgha
Makhleb
Nemelex Xobeh
Okawaru
Qazlal
Ru
Trog
Uskayaw
Vehumet
Wu Jian
Xom
Yredelemnul
Zin
The Shining One

Shops:
D:1 =   D:3 *

Annotations:
D:3 exclusion: 4 crimson imps
D:7 3 runed translucent doors, Peloso's ghost, novice MiFi; fly's ghost, novice KoDe


Innate Abilities, Weirdness & Mutations

You have razor-sharp teeth.
Your natural rate of healing is unusually fast.
When hurt, damage is shared between your health and your magic reserves.
Your bite disrupts and absorbs the magic of your enemies.
Potions cannot restore your health.


Message History

You feel as though you will be slow longer.
You feel sick. The hornet stings you!
You feel as though you will be slow longer.
You can move again.
Unknown command.
Press: ? - help, Shift-Dir - straight line, f - hornet
Aim: a hornet You draw life force from the hornet!
You feel life coursing into your body!
You feel sick. The hornet stings you.
You feel as though you will be slow longer.
The hornet stings you!
You feel as though you will be slow longer.
The hornet misses you.
Press: ? - help, Shift-Dir - straight line, f/p - hornet
Aim: a hornet (heavily wounded)
You draw life force from the hornet!
You feel life coursing into your body.
You feel sick. The hornet stings you!
* * * LOW HITPOINT WARNING * * *
You are more poisoned.
You feel as though you will be slow longer.
The hornet stings you.
* * * LOW HITPOINT WARNING * * *
You feel as though you will be slow longer.
You hit the hornet.
You feel very sick. The hornet closely misses you. The hornet stings you!
* * * LOW HITPOINT WARNING * * *
You feel as though you will be slow longer.
Press: ? - help, Shift-Dir - straight line, f/p - hornet
Aim: a hornet (almost dead)
You draw life force from the hornet!
You kill the hornet!
Kikubaaqudgha accepts your kill.
You feel life coursing into your body.
You feel very sick. The wyvern bites you.
* * * LOW HITPOINT WARNING * * *
Training target 4.0 for Dodging reached!
Your Dodging skill increases to level 4!
You need to enable at least one skill for training.
You hit the wyvern.
You feel sick. The wyvern bites you.
* * * LOW HITPOINT WARNING * * *
The wyvern bites you.
* * * LOW HITPOINT WARNING * * *
The wyvern barely misses you.
You don't have enough magic to cast this spell.
You hit the wyvern. Lightning courses through the wyvern!
You feel sick. The wyvern barely misses you. The wyvern bites you!
You die...
Kikubaaqudgha rasps: "You have failed me!
Welcome... death!"

###.####.###.).#...# #.# ....#
#.# ###)#...# #.# ########.#
###)....###.########## .........#
#..................... ##########
#.####..###.########## # #.#
#..##.#.###### ###### #.#
#..).###.....####
....>#######.#####>##.#.####.....
####.......)[...@k.###.## ######
# #########[######....# # #
#.......# #.#### # # #.#######
#.# # # #.# #.# # # #.# #.# # ###
#.# #.# ..# #.# #.# #.# #.## #.#


You could see a wyvern.

Vanquished Creatures
  Pikel (D:5)
  A hornet (D:8)
  Eustachio (D:4)
  2 steam dragons
  2 water moccasins
  An orc warrior (D:8)
  A sky beast (D:6)
  2 black bears
  An ogre (D:7)
  2 ice beasts (D:6)
  3 centaurs
  2 lemures (D:5)
  A phantom (D:5)
  A kobold brigand (D:7)
  6 bullfrogs
  5 scorpions
  7 killer bees
  4 howler monkeys
  2 jellies
  A gnoll bouda (D:2)
  4 orc priests
  2 hounds (D:5)
  2 sleepcaps
  An iguana (D:5)
  5 orc wizards
  12 gnolls
  5 adders
  2 shadow imps
  3 white imps
  4 dart slugs
  4 ribbon worms
  16 orcs
  11 ball pythons
  3 bats
  4 endoplasms
  3 giant cockroaches
  5 goblins
  7 hobgoblins
  4 jackals
  15 kobolds
  9 quokkas
  3 frilled lizards
  9 rats
179 creatures vanquished.

Vanquished Creatures (collateral kills)
  A steam dragon (D:7)
  An orc priest (D:8)
  An iguana (D:6)
  An adder (D:6)
  An orc (D:8)
5 creatures vanquished.

Vanquished Creatures (others)
  A centaur zombie (D:7)
  4 bullfrog zombies
  2 orc wizards
  An orc (D:6)
  A gnoll zombie (D:9)
  7 kobold zombies
  6 orc zombies
22 creatures vanquished.

Grand Total: 206 creatures vanquished

Notes
Turn   | Place    | Note
-------+----------+-------------------------------------------
     0 | D:1      | James the Vine Stalker Necromancer began the quest for the
                  | Orb.
     0 | D:1      | Reached XP level 1. HP: 9/9 MP: 4/4
    55 | D:1      | Reached skill level 1 in Fighting
    99 | D:1      | Reached XP level 2. HP: 14/14 MP: 0/6
   268 | D:1      | Found Yparup's Jewellery Shoppe.
   309 | D:1      | You fall into a shaft and drop 1 floor!
   542 | D:1      | Reached XP level 3. HP: 18/18 MP: 8/8
   732 | D:1      | Learned a level 3 spell: Vampiric Draining
  1400 | D:2      | Reached XP level 4. HP: 23/23 MP: 9/9
  1587 | D:2      | Identified the +8 hand axe of Descent {freeze, rCorr Dex+4}
  1833 | D:3      | Found a shimmering altar of Xom.
  2202 | D:3      | Reached XP level 5. HP: 20/26 MP: 1/12
  2909 | D:3      | Found a bloodstained altar of Trog.
  3020 | D:3      | Found Zin's Purification Station.
  3023 | D:3      | Found a glowing silver altar of Zin.
  3225 | D:3      | Learned a level 4 spell: Animate Dead
  3303 | D:4      | Reached XP level 6. HP: 30/30 MP: 8/14
  3531 | D:4      | Reached skill level 5 in Spellcasting
  3531 | D:4      | Reached skill level 5 in Necromancy
  3609 | D:4      | Found a glowing golden altar of the Shining One.
  3652 | D:4      | Found a sparkling altar of Nemelex Xobeh.
  3759 | D:4      | Reached XP level 7. HP: 9/35 MP: 2/16
  3973 | D:4      | Noticed Eustachio
  4026 | D:4      | Killed Eustachio
  4239 | D:5      | Entered Level 5 of the Dungeon
  4338 | D:5      | Gained mutation: You have razor-sharp teeth. [Vine Stalker
                  | growth]
  4338 | D:5      | Reached XP level 8. HP: 39/39 MP: 18/18
  4516 | D:5      | Found a snail-covered altar of Cheibriados.
  4615 | D:5      | Noticed Pikel
  4637 | D:5      | Killed Pikel
  4951 | D:5      | Reached XP level 9. HP: 37/42 MP: 16/22
  4957 | D:5      | Learned a level 5 spell: Curse of Agony
  6641 | D:7      | Found a staircase to the Ecumenical Temple.
  6821 | Temple   | Entered the Ecumenical Temple
  6836 | Temple   | Became a worshipper of Kikubaaqudgha
  6877 | D:7      | Reached skill level 10 in Spellcasting
  6877 | D:7      | Reached skill level 10 in Necromancy
  6898 | D:7      | Reached XP level 10. HP: 36/48 MP: 25/25
  6943 | D:7      | Found a runed translucent gate.
  6943 | D:7      | Found a runed translucent gate.
  6943 | D:7      | Found a runed translucent gate.
  6975 | D:7      | Noticed fly's ghost (novice KoDe)
  6975 | D:7      | Noticed Peloso's ghost (novice MiFi)
  8341 | D:8      | Reached * piety under Kikubaaqudgha
  8341 | D:8      | Received a gift from Kikubaaqudgha
  8346 | D:8      | Learned a level 3 spell: Fugue of the Fallen
  8518 | D:8      | Paralysed by a hornet for 2 turns
  8525 | D:8      | Slain by a wyvern

Illustrated notes

Levels and vault maps discovered:
D:1:      dpeg_arrival_stonehenge_8_columns, layout_basic, serial_shops, shop,
          minmay_quantized
D:2:      layout_loops_ring
D:3:      layout_loops_ring, trog_butcher_becter, zin_purify, led_xom_imps,
          st_stairs_10
D:4:      layout_cave_pools, general_overflow_altar,
          mainiacjoe_overflow_alcove_1, amcnicky_mini_corridor_feature,
          uniq_eustachio
D:5:      layout_basic, lemuel_doored_altar, uniq_pikel
D:6:      layout_basic
D:7:      layout_loops_ring, minmay_temple_entry_mist, gammafunk_ghost_cemetery
D:8:      layout_loops_ring
D:9:      layout_stronghold, dpeg_oklobed_lair, grunt_ministairs_10
Temple:   eino_wide_crystal_templ

Skill      XL: |  1  2  3  4  5  6  7  8  9 10 |
---------------+-------------------------------+-----
Fighting       | 1 2 4 |  4.2
Stealth        | 3 |  3.0
Spellcasting   | 3 4 5 6 8 10 | 10.0
Necromancy     | 5 6 8 10 | 10.0
Dodging        | 2 4 |  4.0

Action                     |  1- 3 |  4- 6 |  7- 9 | 10-12 || total
---------------------------+-------+-------+-------+-------++-------
  Melee: Unarmed           |    39 |       |       |       ||    39
         Bite              |    32 |    41 |    61 |    23 ||   157
         Dagger            |    24 |       |       |       ||    24
         Club              |    10 |       |       |       ||    10
         Short sword       |    81 |    97 |       |    44 ||   222
         Punch             |     2 |     1 |     1 |       ||     4
         Hand axe          |       |    46 |   165 |    43 ||   254
   Fire: Sling             |       |     1 |       |       ||     1
  Throw: Dart              |       |       |     3 |       ||     3
   Cast: Necrotise         |     2 |     4 |     2 |       ||     8
         Vampiric Draining |     1 |    10 |    14 |     5 ||    30
         Animate Dead      |       |       |     5 |     5 ||    10
    Use: Scroll            |       |     9 |     6 |     1 ||    16
         Potion            |       |       |     1 |       ||     1
   Stab: Sleeping          |    10 |     3 |     4 |     1 ||    18
 Armour: Robe              |    71 |    92 |   198 |    86 ||   447
  Dodge: Dodged            |   100 |    91 |   140 |   106 ||   437
